 Dungeon Crawl Stone Soup version 0.22.1-2-g9c5b331 (webtiles) character file.

720 Matador8 the Martial Artist (level 7, -6/48 HPs)
             Began as a Merfolk Transmuter on Dec 19, 2018.
             Was a Believer of Wu Jian.
             Mangled by a centaur (7 damage)
             ... on level 6 of the Dungeon.
             The game lasted 00:27:29 (4900 turns).

Matador8 the Martial Artist (Merfolk Transmuter)    Turns: 4900, Time: 00:27:29

Health: -6/48      AC:  7    Str: 11    XL:     7   Next: 70%
Magic:  9/10       EV: 18    Int: 14    God:    Wu Jian [**....]
Gold:   220        SH:  0    Dex: 19    Spells: 4/10 levels left

rFire    . . .     SeeInvis .     - Unarmed
rCold    . . .     Gourm    .   (no shield)
rNeg     + . .     Faith    +   y - +2 robe {rN+}
rPois    .         Spirit   .   (no helmet)
rElec    .         Reflect  .   i - +0 cloak
rCorr    .         Harm     .   (no gloves)
MR       .....                  (no boots)
Stlth    +++.......             x - amulet of faith
HPRegen  0.16/turn              n - +2 ring of protection
MPRegen  0.12/turn              (no ring)

@: agile
A: change form in water, swift swim, stealthy swim
a: Wall Jump, Renounce Religion


You were on level 6 of the Dungeon.
You worshipped Wu Jian.
Wu Jian was pleased with you.
You were not hungry.

You visited 2 branches of the dungeon, and saw 7 of its levels.
You also visited: Sewer.

You collected 220 gold pieces.

Inventory:

Hand Weapons
 a - a +0 blowgun
Missiles
 o - 51 poisoned needles (quivered)
 u - 5 needles of confusion
 w - 60 arrows
 C - 8 javelins
Armour
 i - a +0 cloak (worn)
 y - a +2 robe of positive energy (worn)
Jewellery
 n - a +2 ring of protection (left hand)
 x - an amulet of faith (around neck)
Scrolls
 c - a scroll of enchant armour {unknown}
 f - a scroll of magic mapping {unknown}
 g - a scroll of fog {unknown}
 h - 2 scrolls of identify
 j - 2 scrolls of teleportation
 k - 2 scrolls of immolation
 m - a scroll of noise {unknown}
 r - 2 scrolls of remove curse
 s - 2 scrolls of enchant weapon {unknown}
 A - a scroll of blinking {unknown}
 B - a scroll of torment {unknown}
Potions
 b - a potion of haste {unknown}
 e - a potion of brilliance {unknown}
 l - a potion of flight {unknown}
 p - a potion of mutation {unknown}
 q - a potion of curing {unknown}
 v - a potion of degeneration {unknown}
 z - 2 potions of agility
Comestibles
 d - 6 rations
 t - 6 chunks of flesh


   Skills:
 - Level 1.1 Fighting
 - Level 3.1 Throwing
 - Level 2.6 Dodging
 * Level 8.0 Unarmed Combat
 - Level 2.0 Spellcasting
 - Level 5.0 Transmutations


You had 4 spell levels left.
You knew the following spells:

 Your Spells              Type           Power        Failure   Level  Hunger
a - Beastly Appendage     Tmut           ###...       3%          1    ##.....
b - Sticks to Snakes      Tmut           ###.....     4%          2    ###....
c - Spider Form           Tmut/Pois      #.........   26%         3    ####...

Your spell library contained the following spells:

 Spells                   Type           Power        Failure   Level  Hunger
 Ice Form                 Ice/Tmut       #.......     63%         4    #####..
 Blade Hands              Tmut           ###.......   63%         5    ######.


Dungeon Overview and Level Annotations

Branches:
Dungeon (6/15)             Temple (1/1) D:5

Altars:
Fedhas
Makhleb
Wu Jian


Message History

You see here an arrow.
The centaur shoots an arrow.
The arrow hits your ball python!
Your ball python dies!
The centaur unwields an uncursed shortbow.
The centaur closely misses you.
It was a potion of agility.
You feel agile all of a sudden.
The orc shouts repeatedly.
The centaur closely misses you.
You barely miss the centaur.
The centaur is lightly wounded.
The centaur closely misses you.
You hit the centaur. You punch the centaur.
The centaur is heavily wounded.
The centaur misses you. The centaur hits you.
* * * LOW HITPOINT WARNING * * *
You hit the centaur.
The centaur is severely wounded.
The centaur hits you!
You die...

!.....### #.#....
...(..#.. .....
......#.#####...#
.(....#.#.. ....#
(...(.#.#.# #...#
...(..#.#.###...#
.#?..)).....([.o#
#....#.#.###.#c######.#
+....#.#.# #.(.@......#
#....#.#.......########
......#.#########
......#.# ......#.#
......#.#########
#........<# ###########


You could see a centaur and an orc.

Vanquished Creatures
  A howler monkey (D:5)
  2 orc priests (D:4)
  2 hounds (D:5)
  Jessica (D:3)
  An iguana (D:4)
  2 orc wizards
  A worker ant zombie (D:5)
  6 adders
  3 oozes
  2 worms (D:5)
  An adder skeleton (D:5)
  4 dart slugs
  3 leopard geckos
  15 orcs
  7 giant cockroaches
  6 goblins
  4 hobgoblins
  8 jackals
  2 quokkas
  2 ball pythons
  11 bats
  4 frilled lizards
  6 kobolds
  6 rats
100 creatures vanquished.

Vanquished Creatures (collateral kills)
  2 ogres (D:5)
  A centaur (D:5)
  A crocodile (Sewer)
  An orc priest (D:6)
  2 worker ants
  2 kobolds (Sewer)
  A ball python (D:3)
  A bat (D:3)
11 creatures vanquished.

Grand Total: 111 creatures vanquished

Notes
Turn   | Place    | Note
-------+----------+-------------------------------------------
     0 | D:1      | Matador8 the Merfolk Transmuter began the quest for the
                  | Orb.
     0 | D:1      | Reached XP level 1. HP: 15/15 MP: 3/3
   320 | D:1      | Reached XP level 2. HP: 19/21 MP: 5/5
   892 | D:1      | Learned a level 2 spell: Sticks to Snakes
   901 | D:2      | Reached skill level 4 in Unarmed Combat
   901 | D:2      | Reached XP level 3. HP: 24/26 MP: 6/6
  1560 | D:2      | Found an ornate altar of the Wu Jian Council.
  1565 | D:2      | Became a worshipper of the Wu Jian Council
  1599 | D:2      | Reached XP level 4. HP: 25/32 MP: 4/7
  1827 | D:3      | Found a faded altar of an unknown god.
  1971 | D:3      | Learned a level 3 spell: Spider Form
  2233 | D:3      | Noticed Jessica
  2244 | D:3      | Killed Jessica
  2249 | D:3      | Reached skill level 5 in Transmutations
  2319 | D:3      | Found a glowing drain.
  2329 | D:3      | Reached XP level 5. HP: 24/37 MP: 4/8
  2343 | Sewer    | Entered a sewer
  2424 | Sewer    | Noticed a crocodile
  2454 | Sewer    | Killed a crocodile
  2454 | Sewer    | Reached skill level 1 in Throwing
  2454 | Sewer    | Reached skill level 5 in Unarmed Combat
  2739 | D:3      | Reached * piety under Wu Jian
  3226 | D:4      | Reached XP level 6. HP: 30/43 MP: 9/9
  3438 | D:4      | Reached skill level 6 in Unarmed Combat
  3676 | D:5      | Entered Level 5 of the Dungeon
  4037 | D:5      | Found a blossoming altar of Fedhas.
  4077 | D:5      | Reached XP level 7. HP: 46/48 MP: 10/10
  4135 | D:5      | Reached skill level 7 in Unarmed Combat
  4240 | D:5      | Found a staircase to the Ecumenical Temple.
  4253 | D:5      | Reached ** piety under Wu Jian
  4471 | D:5      | Found a burning altar of Makhleb.
  4820 | Temple   | Entered the Ecumenical Temple
  4871 | D:6      | Reached skill level 8 in Unarmed Combat
  4894 | D:6      | HP: 1/48 [centaur/arrow (15)]
  4899 | D:6      | HP: 1/48 [centaur (1)]
  4900 | D:6      | Mangled by a centaur

Skill      XL: |  1  2  3  4  5  6  7 |
---------------+----------------------+-----
Transmutations | 3 4 5 |  5.0
Unarmed Combat | 4 5 6 8 |  8.0
Throwing       | 1 2 3 |  3.1
Fighting       | |  1.1
Dodging        | |  2.6
Spellcasting   | |  2.0

Action                   |  1- 3 |  4- 6 |  7- 9 || total
-------------------------+-------+-------+-------++-------
Melee: Unarmed           |    93 |   173 |   113 ||   379
       Headbutt          |     7 |    21 |     7 ||    35
       Punch             |       |     5 |     6 ||    11
 Fire: Blowgun           |       |       |     5 ||     5
 Cast: Beastly Appendage |     8 |    14 |     6 ||    28
       Sticks to Snakes  |     4 |    23 |    11 ||    38
Invok: Lunge             |       |    14 |     8 ||    22
       Whirlwind         |       |     6 |     3 ||     9
       Wall Jump         |       |       |     6 ||     6
  Use: Scroll            |       |     3 |       ||     3
       Potion            |       |       |     1 ||     1
 Stab: Sleeping          |     5 |     2 |     1 ||     8
       Distracted        |       |       |     2 ||     2
  Eat: Chunk             |     3 |     9 |     4 ||    16
Armor: Robe              |    27 |    33 |    19 ||    79
Dodge: Dodged            |    81 |   127 |    59 ||   267
